 Dungeon Crawl Stone Soup version 0.31.0-11-ge490571c62 (webtiles) character file.

Game seed: 11338592877919217783

12 qw the Shooter (level 2, 0/16 HPs)
             Began as a Deep Elf Hunter on Feb 3, 2024.
             Slain by a frilled lizard (3 damage)
             ... on level 1 of the Dungeon.
             The game lasted 00:00:00 (295 turns).

qw the Shooter (Deep Elf Hunter)                     Turns: 295, Time: 00:00:01

Health: 0/16       AC:  3    Str:  8    XL:     2   Next: 20%
Magic:  4/4        EV: 12    Int: 13    God:
Gold:   44         SH:  0    Dex: 18    Spells: 1/1 levels left

rFire   . . .        a - +0 shortbow
rCold   . . .        (shield currently unavailable)
rNeg    . . .        c - +0 leather armour
rPois   .            (no helmet)
rElec   .            (no cloak)
rCorr   .            (no gloves)
SInv    .            (no boots)
Will    .....        (no amulet)
Stlth   ++           (no ring)
HPRegen 0.22/turn    (no ring)
MPRegen 0.09/turn

%: no passive effects
@: no status effects
A: no striking features
a: no special abilities


You were on level 1 of the Dungeon.
You visited 1 branch of the dungeon, and saw 1 of its levels.

You collected 44 gold pieces.


   Skills:
 - Level 1.5 Fighting
 + Level 6.1 Ranged Weapons
 - Level 2.4 Dodging
 - Level 1.2 Stealth


You had one spell level left.
You didn't know any spells.
Your spell library was empty.

Inventory:

Hand Weapons
 a - a +0 shortbow (weapon)
Armour
 c - a +0 leather armour (worn)
Jewellery
 d - a ring of willpower
Scrolls
 b - a scroll of butterflies
 f - 2 scrolls of identify {unknown}
Potions
 e - a potion of attraction {unknown}

Dungeon Overview and Level Annotations

Branches:
Dungeon (1/15)

Altars:


Message History

You kill the frilled lizard!
The frilled lizard bites you. x2
You shoot an arrow. The arrow hits the frilled lizard.
The frilled lizard is heavily wounded.
The frilled lizard closely misses you. The frilled lizard barely misses you.
You shoot an arrow. The arrow hits the frilled lizard.
You kill the frilled lizard!
A nearby plant withers and dies. x2
The frilled lizard completely misses you.
The frilled lizard bites you but does no damage. x2
You shoot an arrow. The arrow hits the frilled lizard!
You kill the frilled lizard!
The frilled lizard closely misses you.
The frilled lizard bites you but does no damage.
The frilled lizard misses you.
You shoot an arrow.
The arrow barely misses the frilled lizard.
The frilled lizard bites you. x2; The frilled lizard barely misses you.
You shoot an arrow.
The arrow closely misses the frilled lizard.
The frilled lizard closely misses you. The frilled lizard bites you.
The frilled lizard barely misses you.
The frilled lizard bites you but does no damage.
The frilled lizard barely misses you. The frilled lizard bites you.
You shoot an arrow. The arrow hits the frilled lizard.
You kill the frilled lizard!
The frilled lizard misses you. The frilled lizard barely misses you.
You shoot an arrow. The arrow misses the frilled lizard.
The frilled lizard closely misses you. x2
You shoot an arrow.
The arrow barely misses the frilled lizard.
The frilled lizard closely misses you.
The frilled lizard bites you but does no damage.
You shoot an arrow.
The arrow barely misses the frilled lizard.
The frilled lizard bites you. The frilled lizard closely misses you.
You shoot an arrow. The arrow hits the frilled lizard.
You kill the frilled lizard!
The frilled lizard bites you.
You die...

####.........#
#.....)......#
#............#
#...........##
###.......).##+###
#..............# .
#......###......+ ...
#......###.....l##.....
................@%.$..#
....##......###.....###
... #......# #.........
......# #####.....
......# ..... ... ####


You could see a frilled lizard.

Vanquished Creatures
  An endoplasm (D:1)
  2 hobgoblins (D:1)
  A bat (D:1)
  10 frilled lizards (D:1)
  A goblin (D:1)
  A kobold (D:1)
16 creatures vanquished.

Notes
Turn   | Place    | Note
-------+----------+-------------------------------------------
     0 | D:1      | qw the Deep Elf Hunter began the quest for the Orb.
     0 | D:1      | Reached XP level 1. HP: 12/12 MP: 3/3
     0 | D:1      | 0 ||| qw: Version: 0.3-a-157-g843a77d
     0 | D:1      | 0 ||| qw: Game counter: 3925
     0 | D:1      | 0 ||| qw: Melee chars always use a shield: true
     0 | D:1      | 0 ||| qw: God list: Okawaru
     0 | D:1      | 0 ||| qw: Allow faded altars: false
     0 | D:1      | 0 ||| qw: Do Orc after clearing Dungeon:15 true
     0 | D:1      | 0 ||| qw: Do second Lair branch before Depths: true
     0 | D:1      | 0 ||| qw: Lair rune preference: random
     0 | D:1      | 0 ||| qw: Goals: Normal
     0 | D:1      | 0 ||| PLANNING D:1-11
   275 | D:1      | 275 ||| RETREEEEATING.
   279 | D:1      | Reached XP level 2. HP: 16/16 MP: 4/4
   280 | D:1      | Reached skill level 6 in Ranged Weapons
   290 | D:1      | HP: 4/16 [frilled lizard (2)]
   295 | D:1      | Slain by a frilled lizard

Levels and vault maps discovered:
D:1:      dpeg_cavernosity, layout_basic, minmay_lizard_king

Skill      XL: |  1  2 |
---------------+-------+-----
Ranged Weapons | 6 |  6.1
Fighting       | |  1.5
Dodging        | |  2.4
Stealth        | |  1.2

Action                     || total
---------------------------++-------
   Fire: Shortbow          ||    42
 Armour: Leather armour    ||    19
  Dodge: Dodged            ||    27

Table legend:
 A = Non-vault XP
 B = Vault XP
 C = Vault XP percentage of total XP
 D = Non-vault monster count
 E = Vault monster count
 F = Vault count percentage of total count
                 A         B        C        D         E       F
            +---------+---------+-------+---------+---------+-------
      Total |      10 |       9 |  47.4 |       7 |       9 |  56.2
            +---------+---------+-------+---------+---------+-------
        D:1 |      10 |       9 |  47.4 |       7 |       9 |  56.2
            +---------+---------+-------+---------+---------+-------
